| TOP OF THE 1ST |
|
Coos Bay-North Bend Blue Soxs batting - Pitching for Lewiston Broncs : LHP Omar Perez
|
|
Pitching: LHP Omar Perez
|
|
|
Batting: RHB Brian Stemberger
|
0-0: Fly out, F8 (Flyball, 89D, EV 80.6 MPH)
|
|
Batting: SHB Paul Sokolowski
|
0-0: Ball 1-0: SINGLE (Groundball, 34S, EV 70.6 MPH) (infield hit)
|
|
Batting: RHB Javier Ortiz
|
0-0: Ball 1-0: Swinging Strike 1-1: Ball 2-1: Foul Ball, location: 2F 2-2: Ball 3-2: Foul Ball, location: 2F 3-2: Foul Ball, location: 2F 3-2: Base on Balls Paul Sokolowski to second
|
|
Batting: LHB Curt Reed
|
0-0: Reached via error on a dropped throw from 2B, E6 (Groundball, 4, EV 98.1 MPH) Paul Sokolowski to third Javier Ortiz to second
|
|
Batting: RHB Danny Quintana
|
0-0: Called Strike 0-1: Ball 1-1: Ball 2-1: Called Strike 2-2: Strikes out swinging
|
|
Batting: RHB James Wahlig
|
0-0: Called Strike 0-1: Ball 1-1: Swinging Strike 1-2: Ground out 4-3 (Groundball, 4, EV 93.8 MPH)
|
| Top of the 1st over - 0 runs, 1 hit, 1 error, 3 left on base; Coos Bay-North Bend 0 - Lewiston 0 |
| BOTTOM OF THE 1ST |
|
Lewiston Broncs batting - Pitching for Coos Bay-North Bend Blue Soxs : RHP Leo Rico
|
|
Pitching: RHP Leo Rico
|
|
|
Batting: LHB Wayne Kirby
|
0-0: Ground out 4-3 (Groundball, 4, EV 86.9 MPH)
|
|
Batting: LHB Alex Hernandez
|
0-0: Called Strike 0-1: Ball 1-1: Ground out 4-3 (Groundball, 4, EV 106.3 MPH)
|
|
Batting: RHB Jeff Kunkel
|
0-0: Fly out, F9 (Flyball, 9LD, EV 87.5 MPH)
|
| Bottom of the 1st over - 0 runs, 0 hits, 0 errors, 0 left on base; Coos Bay-North Bend 0 - Lewiston 0 |
| TOP OF THE 2ND |
|
Coos Bay-North Bend Blue Soxs batting - Pitching for Lewiston Broncs : LHP Omar Perez
|
|
Batting: RHB James Stefanski
|
0-0: Ball 1-0: Ball 2-0: Called Strike 2-1: Ball 3-1: Base on Balls
|
|
Batting: RHB Carlos Salinas
|
0-0: Ball 1-0: Ball 2-0: Ground out 5-3 (Groundball, 56S, EV 83.1 MPH) James Stefanski to second
|
|
Batting: LHB Mark Reynolds
|
0-0: Fly out, F8 (Flyball, 89D, EV 96.9 MPH) Runner from 2nd tags up, SAFE at 3rd, no throw by CF
|
|
Batting: RHB Brian Stemberger
|
0-0: Ball 1-0: Called Strike 1-1: Ball 2-1: Foul Ball, location: 2F 2-2: Ground out 6-3 (Groundball, 6S, EV 93.8 MPH)
|
| Top of the 2nd over - 0 runs, 0 hits, 0 errors, 1 left on base; Coos Bay-North Bend 0 - Lewiston 0 |
| BOTTOM OF THE 2ND |
|
Lewiston Broncs batting - Pitching for Coos Bay-North Bend Blue Soxs : RHP Leo Rico
|
|
Batting: RHB Bruce Castoria
|
0-0: Swinging Strike 0-1: Swinging Strike 0-2: Ball 1-2: Ground out 4-3 (Groundball, P, EV 83.1 MPH)
|
|
Batting: LHB Nestor Moreno
|
0-0: Ball 1-0: Called Strike 1-1: Foul Ball, location: 2F 1-2: Ball 2-2: Strikes out swinging
|
|
Batting: RHB Sal D'Alessandro
|
0-0: Ball 1-0: Called Strike 1-1: Foul Ball, location: 2F 1-2: Ball 2-2: Ground out 6-3 (Groundball, 6, EV 83.1 MPH)
|
| Bottom of the 2nd over - 0 runs, 0 hits, 0 errors, 0 left on base; Coos Bay-North Bend 0 - Lewiston 0 |
| TOP OF THE 3RD |
|
Coos Bay-North Bend Blue Soxs batting - Pitching for Lewiston Broncs : LHP Omar Perez
|
|
Batting: SHB Paul Sokolowski
|
0-0: Foul Ball, location: 2F 0-1: Ball 1-1: Ball 2-1: Called Strike 2-2: Fly out, F8 (Line Drive, 8RM, EV 95.6 MPH)
|
|
Batting: RHB Javier Ortiz
|
0-0: Ball 1-0: Ball 2-0: Called Strike 2-1: Foul Ball, location: 2F 2-2: Strikes out swinging
|
|
Batting: LHB Curt Reed
|
0-0: Ball 1-0: Foul Ball, location: 2F 1-1: Ball 2-1: Ball 3-1: Foul Ball, location: 2F 3-2: Base on Balls
|
|
Batting: RHB Danny Quintana
|
0-0: Ball 1-0: Fielders Choice at 2nd, 5-4 (Groundball, 5L, EV 90.0 MPH)
|
| Top of the 3rd over - 0 runs, 0 hits, 0 errors, 1 left on base; Coos Bay-North Bend 0 - Lewiston 0 |
| BOTTOM OF THE 3RD |
|
Lewiston Broncs batting - Pitching for Coos Bay-North Bend Blue Soxs : RHP Leo Rico
|
|
Batting: RHB Steven Spalt
|
0-0: Called Strike 0-1: Foul Ball, location: 2F 0-2: Strikes out swinging
|
|
Batting: SHB Stephen Kowalski
|
0-0: Ball 1-0: Ball 2-0: Ball 3-0: Base on Balls
|
|
Batting: RHB Jay Roberts
|
0-0: Foul Ball, location: 2F 0-1: Ball 1-1: Foul Ball, location: 2F 1-2: Hit by Pitch Stephen Kowalski to second
|
|
Batting: LHB Wayne Kirby
|
0-0: Fielders Choice at 2nd, 3-6 (Groundball, 34, EV 85.6 MPH) Stephen Kowalski to third
|
|
Batting: LHB Alex Hernandez
|
0-0: Ball 1-0: Called Strike 1-1: Ball 2-1: SINGLE (Groundball, 3S, EV 62.5 MPH) (infield hit) Stephen Kowalski scores Wayne Kirby to second
|
|
Batting: RHB Jeff Kunkel
|
0-0: Ball 1-0: Called Strike 1-1: Swinging Strike 1-2: Reached on error, E3 (Groundball, 34, EV 86.3 MPH) Wayne Kirby scores Alex Hernandez to third
|
|
Batting: RHB Bruce Castoria
|
0-0: Ball 1-0: Foul Ball, location: 2F 1-1: Ball 2-1: Called Strike 2-2: SINGLE (Line Drive, 34D, EV 105.0 MPH) Alex Hernandez scores Jeff Kunkel to third Runner from 3rd tries for Home, SAFE, throw by RF to home Bruce Castoria to second
|
|
Batting: LHB Nestor Moreno
|
0-0: Called Strike 0-1: Ball 1-1: Foul Ball, location: 2F 1-2: Ground out 6-3 (Groundball, 6, EV 102.5 MPH)
|
| Bottom of the 3rd over - 4 runs, 2 hits, 1 error, 1 left on base; Coos Bay-North Bend 0 - Lewiston 4 |
| TOP OF THE 4TH |
|
Coos Bay-North Bend Blue Soxs batting - Pitching for Lewiston Broncs : LHP Omar Perez
|
|
Batting: RHB James Wahlig
|
0-0: Called Strike 0-1: Foul Ball, location: 2F 0-2: Ball 1-2: Ball 2-2: Fly out, F4 (Popup, 4, EV 67.5 MPH)
|
|
Batting: RHB James Stefanski
|
0-0: Called Strike 0-1: Foul Ball, location: 2F 0-2: Ground out 6-3 (Groundball, 56, EV 100.0 MPH)
|
|
Batting: RHB Carlos Salinas
|
0-0: Ball 1-0: Ground out 5-3 (Groundball, 5S, EV 76.9 MPH)
|
| Top of the 4th over - 0 runs, 0 hits, 0 errors, 0 left on base; Coos Bay-North Bend 0 - Lewiston 4 |
| BOTTOM OF THE 4TH |
|
Lewiston Broncs batting - Pitching for Coos Bay-North Bend Blue Soxs : RHP Leo Rico
|
|
Batting: RHB Sal D'Alessandro
|
0-0: Ball 1-0: SINGLE (Groundball, 56S, EV 63.8 MPH) (infield hit)
|
|
Batting: RHB Steven Spalt
|
0-0: Called Strike 0-1: Ball 1-1: Ball 2-1: Ball 3-1: Base on Balls Sal D'Alessandro to second
|
|
Batting: SHB Stephen Kowalski
|
0-0: SINGLE (Line Drive, 56D, EV 95.6 MPH) Sal D'Alessandro to third Steven Spalt to second Runner from 3rd tries for Home, SAFE, throw by LF to home
|
|
Batting: RHB Jay Roberts
|
0-0: Ball 1-0: Ball 2-0: Ball 3-0: Called Strike 3-1: Called Strike 3-2: Fielders Choice at 2nd, 4-6 (Groundball, 4M, EV 102.5 MPH) Steven Spalt to third
|
|
Batting: LHB Wayne Kirby
|
0-0: Called Strike 0-1: Ball 1-1: Fielders Choice at 2nd, 4-6 (Groundball, 4, EV 90.6 MPH) Steven Spalt scores
|
|
Now at SS: Donald Freeman
|
|
|
Batting: LHB Alex Hernandez
|
0-0: Called Strike 0-1: SINGLE (Line Drive, 8LS, EV 94.4 MPH) Wayne Kirby to second Runner from 2nd tries for 3rd, SAFE, no throw by CF
|
|
Batting: RHB Jeff Kunkel
|
0-0: DOUBLE (Groundball, 3L, EV 93.8 MPH) Wayne Kirby scores Alex Hernandez to third Runner from 3rd tries for Home, SAFE, throw by RF to trailing runner, SAFE at third!
|
|
Pitching: LHP Eduardo Montoya
|
|
|
Batting: RHB Bruce Castoria
|
0-0: Called Strike 0-1: Ball 1-1: Ball 2-1: Ball 3-1: Called Strike 3-2: DOUBLE (Line Drive, 89XD, EV 100.6 MPH) Jeff Kunkel scores
|
|
Batting: LHB Nestor Moreno
|
0-0: Ball 1-0: Fly out, F8 (Flyball, 78D, EV 100.0 MPH)
|
| Bottom of the 4th over - 5 runs, 5 hits, 0 errors, 1 left on base; Coos Bay-North Bend 0 - Lewiston 9 |
| TOP OF THE 5TH |
|
Coos Bay-North Bend Blue Soxs batting - Pitching for Lewiston Broncs : LHP Omar Perez
|
|
Batting: LHB Mark Reynolds
|
0-0: Called Strike 0-1: SOLO HOME RUN (Flyball, 9LD, EV 90.6 MPH), Distance : 350 ft
|
|
Batting: RHB Brian Stemberger
|
0-0: Ground out U3 (Groundball, 3L, EV 103.1 MPH)
|
|
Batting: SHB Paul Sokolowski
|
0-0: Ball 1-0: Ball 2-0: Ball 3-0: Called Strike 3-1: Base on Balls
|
|
Batting: RHB Javier Ortiz
|
0-0: Called Strike 0-1: Foul Ball, location: 2F 0-2: Ball 1-2: Foul Ball, location: 2F 1-2: Ball Paul Sokolowski steals 2nd base (no throw) 2-2: Ball 3-2: Foul Ball, location: 2F 3-2: Ground out 5-3 (Groundball, 56, EV 99.4 MPH)
|
|
Batting: LHB Curt Reed
|
0-0: Ball 1-0: Called Strike 1-1: Ball 2-1: Swinging Strike 2-2: Foul Ball, location: 2F 2-2: Foul Ball, location: 2F 2-2: Strikes out looking
|
| Top of the 5th over - 1 run, 1 hit, 0 errors, 1 left on base; Coos Bay-North Bend 1 - Lewiston 9 |
| BOTTOM OF THE 5TH |
|
Lewiston Broncs batting - Pitching for Coos Bay-North Bend Blue Soxs : LHP Eduardo Montoya
|
|
Batting: RHB Sal D'Alessandro
|
0-0: Ball 1-0: Ball 2-0: Called Strike 2-1: Ball 3-1: Base on Balls
|
|
Batting: RHB Steven Spalt
|
0-0: Ball 1-0: Swinging Strike 1-1: Ball 2-1: Ball 3-1: Foul Ball, location: 2F 3-2: Foul Ball, location: 2F 3-2: Base on Balls Sal D'Alessandro to second
|
|
Batting: SHB Stephen Kowalski
|
0-0: Grounds into double play, 6-4-3 (Groundball, 6, EV 87.5 MPH) Sal D'Alessandro to third
|
|
Batting: RHB Jay Roberts
|
0-0: Ball 1-0: Ball 2-0: Called Strike 2-1: Ball 3-1: DOUBLE (Flyball, 89D, EV 107.5 MPH) Sal D'Alessandro scores
|
|
Batting: LHB Wayne Kirby
|
0-0: Called Strike 0-1: Ball 1-1: Called Strike 1-2: Strikes out swinging
|
| Bottom of the 5th over - 1 run, 1 hit, 0 errors, 1 left on base; Coos Bay-North Bend 1 - Lewiston 10 |
| TOP OF THE 6TH |
|
Coos Bay-North Bend Blue Soxs batting - Pitching for Lewiston Broncs : LHP Omar Perez
|
|
Batting: RHB Danny Quintana
|
0-0: Ball 1-0: Called Strike 1-1: Foul Ball, location: 2F 1-2: Ball 2-2: Ground out 4-3 (Groundball, 4, EV 84.4 MPH)
|
|
Batting: SHB Donald Freeman
|
0-0: Foul Ball, location: 2F 0-1: Swinging Strike 0-2: Ball 1-2: Ball 2-2: Ball 3-2: TRIPLE (Line Drive, 9LD, EV 110.0 MPH)
|
|
Batting: RHB James Stefanski
|
0-0: Ball 1-0: Called Strike 1-1: Ball 2-1: Foul Ball, location: 2F 2-2: Ground out 6-3 (Groundball, 6, EV 81.3 MPH) Donald Freeman scores
|
|
Batting: RHB Carlos Salinas
|
0-0: Ball 1-0: Ball 2-0: Called Strike 2-1: Called Strike 2-2: Foul Ball, location: 2F 2-2: Foul Ball, location: 2F 2-2: Ball 3-2: Ground out 4-3 (Groundball, 4, EV 78.8 MPH)
|
| Top of the 6th over - 1 run, 1 hit, 0 errors, 0 left on base; Coos Bay-North Bend 2 - Lewiston 10 |
| BOTTOM OF THE 6TH |
|
Lewiston Broncs batting - Pitching for Coos Bay-North Bend Blue Soxs : LHP Eduardo Montoya
|
|
Batting: LHB Alex Hernandez
|
0-0: Ball 1-0: Fly out, F5 (Line Drive, 5, EV 61.3 MPH)
|
|
Batting: RHB Jeff Kunkel
|
0-0: Ball 1-0: Fly out, F6 (Popup, 6, EV 72.5 MPH)
|
|
Batting: RHB Bruce Castoria
|
0-0: Ball 1-0: Called Strike 1-1: Ball 2-1: Ball 3-1: Base on Balls
|
|
Batting: LHB Nestor Moreno
|
0-0: Ball 1-0: Ball 2-0: Called Strike 2-1: Ball 3-1: Ground out U3 (Groundball, 34S, EV 89.4 MPH)
|
| Bottom of the 6th over - 0 runs, 0 hits, 0 errors, 1 left on base; Coos Bay-North Bend 2 - Lewiston 10 |
| TOP OF THE 7TH |
|
Coos Bay-North Bend Blue Soxs batting - Pitching for Lewiston Broncs : LHP Omar Perez
|
|
Batting: LHB Mark Reynolds
|
0-0: Foul Ball, location: 2F 0-1: Ball 1-1: Called Strike 1-2: SINGLE (Flyball, 56D, EV 92.5 MPH)
|
|
Batting: RHB Brian Stemberger
|
0-0: Fly out, F7 (Line Drive, 7, EV 91.9 MPH)
|
|
Batting: SHB Paul Sokolowski
|
0-0: Called Strike 0-1: Ball 1-1: Ball 2-1: Swinging Strike 2-2: Ball 3-2: Foul Ball, location: 2F 3-2: Foul Ball, location: 2F 3-2: Fielders Choice at 2nd, 3-6 (Groundball, 34, EV 96.3 MPH)
|
|
Batting: RHB Javier Ortiz
|
0-0: Ball 1-0: Foul Ball, location: 2F 1-1: Ball 2-1: SINGLE (Popup, 5D, EV 52.5 MPH) Paul Sokolowski to second
|
|
Batting: LHB Curt Reed
|
0-0: Ball 1-0: Called Strike 1-1: Ball 2-1: Ball 3-1: Foul Ball, location: 2F 3-2: DOUBLE (Line Drive, 9LS, EV 110.6 MPH) Paul Sokolowski scores Javier Ortiz to third Javier Ortiz scores
|
|
Batting: RHB Danny Quintana
|
0-0: Ball 1-0: Ball 2-0: Ball 3-0: Foul Ball, location: 2F 3-1: Base on Balls
|
|
Batting: SHB Donald Freeman
|
0-0: Called Strike 0-1: Fly out, F8 (Line Drive, 8RD, EV 105.0 MPH)
|
| Top of the 7th over - 2 runs, 3 hits, 0 errors, 2 left on base; Coos Bay-North Bend 4 - Lewiston 10 |
| BOTTOM OF THE 7TH |
|
Lewiston Broncs batting - Pitching for Coos Bay-North Bend Blue Soxs : LHP Eduardo Montoya
|
|
Batting: RHB Sal D'Alessandro
|
0-0: Called Strike 0-1: Fly out, F8 (Flyball, 89M, EV 80.0 MPH)
|
|
Batting: RHB Steven Spalt
|
0-0: Ball 1-0: Called Strike 1-1: Ball 2-1: Swinging Strike 2-2: Ball 3-2: Base on Balls
|
|
Batting: SHB Stephen Kowalski
|
0-0: Swinging Strike 0-1: Swinging Strike 0-2: Strikes out swinging
|
|
Batting: RHB Jay Roberts
|
0-0: Called Strike 0-1: Hit by Pitch Steven Spalt to second
|
|
Batting: LHB Wayne Kirby
|
0-0: Ball 1-0: SINGLE (Line Drive, 78S, EV 86.3 MPH) Steven Spalt to third Jay Roberts to second Runner from 3rd tries for Home, SAFE, throw by LF to home
|
|
Batting: LHB Alex Hernandez
|
0-0: Ball 1-0: Fly out, F6 (Line Drive, 6, EV 68.8 MPH)
|
| Bottom of the 7th over - 1 run, 1 hit, 0 errors, 2 left on base; Coos Bay-North Bend 4 - Lewiston 11 |
| TOP OF THE 8TH |
|
Coos Bay-North Bend Blue Soxs batting - Pitching for Lewiston Broncs : LHP Omar Perez
|
|
Batting: RHB James Stefanski
|
0-0: Ground out 5-3 (Groundball, 56, EV 83.8 MPH)
|
|
Batting: RHB Carlos Salinas
|
0-0: Called Strike 0-1: Ball 1-1: Ground out 4-3 (Groundball, 4M, EV 107.5 MPH)
|
|
Batting: LHB Mark Reynolds
|
0-0: Ball 1-0: Fly out, F8 (Flyball, 8RS, EV 82.5 MPH)
|
| Top of the 8th over - 0 runs, 0 hits, 0 errors, 0 left on base; Coos Bay-North Bend 4 - Lewiston 11 |
| BOTTOM OF THE 8TH |
|
Lewiston Broncs batting - Pitching for Coos Bay-North Bend Blue Soxs : LHP Eduardo Montoya
|
|
Batting: RHB Jeff Kunkel
|
0-0: Called Strike 0-1: SINGLE (Line Drive, 7S, EV 96.3 MPH)
|
|
Pitching: LHP Ty Coleman
|
|
|
Pinch Hitting: LHB Keith Showell
|
0-0: Ball 1-0: Called Strike 1-1: Swinging Strike 1-2: Ball 2-2: Ball 3-2: Strikes out swinging
|
|
Batting: LHB Nestor Moreno
|
0-0: Foul Ball, location: 2F 0-1: Fly out, F7 (Flyball, 7D, EV 89.4 MPH)
|
|
Batting: RHB Sal D'Alessandro
|
0-0: Foul Ball, location: 2F 0-1: Foul Ball, location: 2F 0-2: Ball 1-2: Fly out, F7 (Flyball, 7S, EV 85.0 MPH)
|
| Bottom of the 8th over - 0 runs, 1 hit, 0 errors, 1 left on base; Coos Bay-North Bend 4 - Lewiston 11 |
| TOP OF THE 9TH |
|
Coos Bay-North Bend Blue Soxs batting - Pitching for Lewiston Broncs : LHP Omar Perez
|
|
Now at 1B: Thomas Gaeta
|
|
|
Batting: RHB Brian Stemberger
|
0-0: Ball 1-0: Foul Ball, location: 2F 1-1: Swinging Strike 1-2: Ball 2-2: Foul Ball, location: 2F 2-2: Ball 3-2: Reached on error, E6 (Flyball, 56D, EV 95.6 MPH)
|
|
Batting: SHB Paul Sokolowski
|
0-0: Ball 1-0: Ball 2-0: Reached on error, E3 (Groundball, 34S, EV 73.1 MPH) Brian Stemberger to second
|
|
Batting: RHB Javier Ortiz
|
0-0: Swinging Strike 0-1: Called Strike 0-2: Ball 1-2: Fielders Choice at 2nd, 1-4 (Groundball, 15S, EV 66.3 MPH) Brian Stemberger to third
|
|
Batting: LHB Curt Reed
|
0-0: Called Strike 0-1: Fly out, F5 (Line Drive, 5, EV 68.1 MPH)
|
|
Batting: RHB Danny Quintana
|
0-0: Ball 1-0: Ball 2-0: Ball 3-0: Called Strike 3-1: Base on Balls Javier Ortiz to second
|
|
Pitching: RHP Scott Barnhouse
|
|
|
Batting: SHB Donald Freeman
|
0-0: Ball 1-0: GRAND SLAM HOME RUN (Flyball, 89XD, EV 110.6 MPH), Distance : 404 ft
|
|
Batting: RHB James Stefanski
|
0-0: DOUBLE (Line Drive, 78M, EV 110.6 MPH)
|
|
Batting: RHB Carlos Salinas
|
0-0: SINGLE (Groundball, 56D, EV 94.4 MPH) James Stefanski to third
|
|
Pitching: LHP Brian Householder
|
|
|
Pinch Hitting: RHB Bob Glendening
|
0-0: Called Strike 0-1: Ball 1-1: Swinging Strike 1-2: Strikes out swinging
|
| Top of the 9th over - 4 runs, 3 hits, 2 errors, 2 left on base; Coos Bay-North Bend 8 - Lewiston 11 |
|